 Dungeon Crawl Stone Soup version 0.32-a0-305-gcc768c7156 (webtiles) character file.

Game seed: 16490037969189079811

3934 Flippered the Skirmisher (level 10, -3/71 HPs)
             Began as a Human Monk on Feb 14, 2024.
             Was a High Priest of Trog.
             Slain by an unseen horror skeleton (5 damage)
             ... on level 6 of the Dungeon.
             The game lasted 00:18:24 (5441 turns).

Flippered the Skirmisher (Human Monk)               Turns: 5441, Time: 00:18:25

Health: -3/71      AC: 11    Str: 13    XL:     10   Next: 21%
Magic:  10/10      EV: 17    Int: 10    God:    Trog [*****.]
Gold:   241        SH:  0    Dex: 25    Spells: 9/9 levels left

rFire   . . .        a - +3 falchion (freeze)
rCold   . . .        (no shield)
rNeg    . . .        A - +2 leather armour {rPois}
rPois   +            o - +0 helmet
rElec   .            K - +1 cloak {rCorr}
rCorr   +            E - +2 pair of gloves
SInv    .            (no boots)
Will    .....        j - amulet of regeneration
Stlth   ++           t - +6 ring of dexterity
HPRegen 1.11/turn    I - ring of poison resistance
MPRegen 0.12/turn

%: no passive effects
@: on berserk cooldown, slowed, very slow
A: explore regen
a: Renounce Religion, Berserk, Trog's Hand, Brothers in Arms


You were on level 6 of the Dungeon.
You worshipped Trog.
Trog was extremely pleased with you.
You visited 1 branch of the dungeon, and saw 6 of its levels.
You also visited: Sewer and Ossuary.

You collected 241 gold pieces.

Inventory:

Hand Weapons
 a - a +3 falchion of freezing (weapon)
 b - a +1 orcbow
Missiles
 s - a curare-tipped dart
 G - 2 throwing nets
Armour
 l - a scarf of repulsion
 o - a +0 helmet (worn)
 y - a +2 robe of cold resistance
 A - a +2 leather armour of poison resistance (worn)
 E - a +2 pair of gloves (worn)
 F - a +1 leather armour of fire resistance
 K - a +1 cloak of preservation (worn)
Jewellery
 e - a ring of see invisible
 j - an amulet of regeneration (around neck)
 t - a +6 ring of dexterity (left hand)
 I - a ring of poison resistance (right hand)
Wands
 u - a wand of mindburst (8)
 w - a wand of flame (16)
Scrolls
 g - a scroll of revelation {unknown}
 i - a scroll of identify
 m - a scroll of fear
 q - a scroll of enchant armour
 H - 2 scrolls of teleportation
 J - a scroll of blinking
Potions
 c - a potion of ambrosia
 d - 3 potions of heal wounds
 f - 3 potions of might
 h - 2 potions of haste
 k - 2 potions of magic
 n - a potion of cancellation {unknown}
 p - 5 potions of enlightenment
 r - 2 potions of attraction {unknown}
 v - 5 potions of curing
 x - a potion of invisibility {unknown}
 z - 2 potions of lignification {unknown}
 B - a potion of berserk rage {unknown}
 C - a potion of mutation {unknown}


   Skills:
 - Level 4.1 Fighting
 - Level 4.7 Long Blades
 * Level 11.9 Ranged Weapons
 - Level 7.2 Dodging


You had 9 spell levels left.
You didn't know any spells.
Your spell library contained the following spells:

 Spells                   Type           Power      Damage    Failure   Level
 Freeze                   Ice            0%         1d3       43%         1
 Kiss of Death            Conj/Necr      0%         2d5       43%         1
 Confusing Touch          Hex            0%         N/A       82%         3
 Frozen Ramparts          Ice            0%         1d1       82%         3
 Hailstorm                Conj/Ice       0%         3d5       82%         3
 Summon Ice Beast         Ice/Summ       0%         N/A       82%         3
 Tukima's Dance           Hex            0%         N/A       82%         3
 Dispel Undead            Necr           0%         3d6       99%         4
 Passage of Golubria      Tloc           0%         N/A       99%         4
 Summon Mana Viper        Hex/Summ       0%         N/A       100%        5
 Yara's Violent Unravell  Hex/Alch       0%         3d3       100%        5
 Monstrous Menagerie      Summ           0%         N/A       100%        7


Dungeon Overview and Level Annotations

Branches:
Dungeon (6/15)             Temple (0/1) D:5           Sewer (visited)
Ossuary (visited)

Altars:
Ashenzari
Cheibriados
Fedhas
Gozag
Hepliaklqana
Kikubaaqudgha
Makhleb
Nemelex Xobeh
Okawaru
Qazlal
Ru
Trog
Wu Jian
The Shining One

Shops:
D:1 *

Annotations:
D:3 3 runed translucent doors, alja1234's ghost, amateur MDFE


Innate Abilities, Weirdness & Mutations

You regain HP and MP as you explore.


Message History

The unseen horror simulacrum misses you.
The spectral wyvern closely misses you.
The unseen horror skeleton is engulfed in freezing vapours.
The unseen horror skeleton hits you.
* * * LOW HITPOINT WARNING * * *
You slash the spectral wyvern! You freeze the spectral wyvern.
You destroy the spectral wyvern!
Trog accepts your kill.
The unseen horror simulacrum hits you but does no damage.
The unseen horror skeleton is engulfed in freezing vapours.
The unseen horror skeleton closely misses you.
The unseen horror simulacrum closely misses you.
The unseen horror skeleton misses you.
You barely miss the unseen horror simulacrum.
The unseen horror simulacrum hits you but does no damage.
The unseen horror skeleton hits you but does no damage.
The unseen horror simulacrum completely misses you.
The unseen horror skeleton hits you.
* * * LOW HITPOINT WARNING * * *
The unseen horror simulacrum misses you.
You are no longer berserk.
You are exhausted.
You feel yourself slow down.
The unseen horror skeleton attacks as it pursues you!
The unseen horror skeleton hits you but does no damage.
The unseen horror skeleton hits you.
* * * LOW HITPOINT WARNING * * *
The unseen horror skeleton hits you but does no damage.
The unseen horror simulacrum hits you.
* * * LOW HITPOINT WARNING * * *
The unseen horror simulacrum freezes you!
* * * LOW HITPOINT WARNING * * *
The unseen horror skeleton hits you but does no damage.
The unseen horror simulacrum completely misses you.
The unseen horror skeleton misses you.
The unseen horror simulacrum barely misses you.
The unseen horror skeleton attacks as it pursues you!
The unseen horror skeleton barely misses you. x2
The unseen horror skeleton hits you.
You die...

.#.....###........#..#
....#...#...........###### ###
...###................##.###.#
##.# #.......................###
##.# #..................##.....##
...###.###.....#........##.#....#
.#.#.....#.#...##..##...#####...#
.#.........#.####.##.....###..###
....#.........##@.#........#..#..
>####..........Z#######..........
.## #....#.....Z#.#.#.#....##..##
..###....#.#.#..#.....#.......###
...##....#.#.#..'...$##......####
)...##.....#....'...(.#...#...#..
#.)###.......#..'....##...#~~~#..
.#.###...##..#..#.....#...#~~~#..
.....#...#.#.####.#.#.##..#~~~#.#


You could see an unseen horror simulacrum and an unseen horror skeleton.

Vanquished Creatures
  The ghost of Vorhees the Poker, a novice FoFi of Nemelex Xobeh (D:6)
  Pikel (D:6)
  Grinder (D:6)
  Sigmund (D:3)
  An orc warrior (D:6)
  A sky beast (D:6)
  A black bear (D:5)
  An ogre (D:5)
  4 lemures (D:6)
  2 phantoms
  2 bullfrogs (D:6)
  A spectral wyvern (D:6)
  2 kobold brigands (Sewer)
  A scorpion (D:6)
  5 wights (D:6)
  4 water moccasin zombies (Ossuary)
  A burial acolyte (Ossuary)
  2 jellies
  3 bombardier beetles
  2 hounds
  An orc priest (D:4)
  A spectral scorpion (Ossuary)
  Crazy Yiuf (D:6)
  6 iguanas
  Jessica (D:2)
  2 gnoll boudas
  Natasha (thrice) (D:4)
  3 orc wizards
  A crocodile zombie (Ossuary)
  2 mummies (Ossuary)
  Robin (D:2)
  15 gnolls
  7 adders
  3 river rats (Sewer)
  2 white imps
  A howler monkey simulacrum (D:6)
  2 ufetubi (D:6)
  4 adder zombies (Ossuary)
  2 dart slugs
  12 orcs
  9 endoplasms
  8 giant cockroaches
  9 gnoll zombies (Ossuary)
  9 goblins
  7 hobgoblins
  6 jackals
  9 kobolds
  7 quokkas
  8 ball pythons
  5 bats
  6 frilled lizards
  A goblin zombie (D:5)
  2 jackal zombies (Ossuary)
  2 orc zombies (Ossuary)
  A quokka zombie (D:5)
  9 rats
205 creatures vanquished.

Notes
Turn   | Place    | Note
-------+----------+-------------------------------------------
     0 | D:1      | Flippered the Human Monk began the quest for the Orb.
     0 | D:1      | Reached XP level 1. HP: 18/18 MP: 1/1
    66 | D:1      | Reached XP level 2. HP: 22/24 MP: 2/2
   263 | D:1      | Found a faded altar of an unknown god.
   273 | D:1      | Prayed at the altar of an unknown god.
   273 | D:1      | Became a worshipper of Trog the Wrathful
   273 | D:1      | Reached * piety under Trog
   273 | D:1      | Reached ** piety under Trog
   309 | D:1      | Reached XP level 3. HP: 24/29 MP: 3/3
   374 | D:1      | Found Itikowk's Assorted Antiques.
   488 | D:1      | Reached *** piety under Trog
   886 | D:2      | Reached XP level 4. HP: 36/36 MP: 4/4
   962 | D:2      | Found a broken altar of Ashenzari.
   991 | D:2      | Noticed Robin
  1035 | D:2      | Reached skill level 1 in Ranged Weapons
  1038 | D:2      | Killed Robin
  1097 | D:2      | Noticed Jessica
  1108 | D:2      | Killed Jessica
  1109 | D:2      | Reached XP level 5. HP: 40/42 MP: 5/5
  1238 | D:2      | Reached skill level 2 in Ranged Weapons
  1342 | D:2      | Reached **** piety under Trog
  1764 | D:3      | Reached XP level 6. HP: 48/48 MP: 6/6
  1793 | D:3      | Noticed Sigmund
  1811 | D:3      | Killed Sigmund
  1812 | D:3      | Reached skill level 4 in Ranged Weapons
  2067 | D:3      | Found a sparkling altar of Nemelex Xobeh.
  2140 | D:3      | Found a runed translucent gate.
  2141 | D:3      | Found a runed translucent gate.
  2142 | D:3      | Found a runed translucent gate.
  2142 | D:3      | Noticed alja1234's ghost (amateur MDFE)
  2237 | D:4      | Noticed Natasha
  2247 | D:4      | Killed Natasha
  2248 | D:4      | Reached XP level 7. HP: 31/54 MP: 7/7
  2520 | D:4      | Reached skill level 5 in Ranged Weapons
  2621 | D:4      | Found a sacrificial altar of Ru.
  2808 | D:4      | Found a burning altar of Makhleb.
  2826 | D:4      | Found an ancient bone altar of Kikubaaqudgha.
  2871 | D:4      | Reached ***** piety under Trog
  2904 | D:4      | Reached skill level 6 in Ranged Weapons
  2904 | D:4      | Reached XP level 8. HP: 60/60 MP: 8/8
  2914 | D:4      | Found a glowing golden altar of the Shining One.
  3021 | D:4      | Noticed Natasha
  3033 | D:4      | Killed Natasha
  3034 | D:4      | Reached skill level 5 in Dodging
  3056 | D:4      | Noticed Natasha
  3063 | D:4      | Killed Natasha
  3071 | D:4      | Found an ornate altar of the Wu Jian Council.
  3190 | D:4      | Found an iron altar of Okawaru.
  3232 | D:5      | Entered Level 5 of the Dungeon
  3270 | D:5      | Found a staircase to the Ecumenical Temple.
  3324 | D:5      | Found a blossoming altar of Fedhas.
  3471 | D:5      | Reached skill level 7 in Ranged Weapons
  3495 | D:5      | Found a sand-covered staircase.
  3502 | Ossuary  | Entered an ossuary
  3660 | Ossuary  | Received a gift from Trog
  3715 | Ossuary  | Reached skill level 8 in Ranged Weapons
  3780 | Ossuary  | Reached XP level 9. HP: 60/65 MP: 9/9
  3876 | D:5      | Found a hazy altar of Hepliaklqana.
  3876 | D:5      | Found a faded altar of an unknown god.
  3885 | D:5      | Found a snail-covered altar of Cheibriados.
  3887 | D:5      | Found a faded altar of an unknown god.
  3889 | D:5      | Found a stormy altar of Qazlal.
  3914 | D:5      | Found an opulent altar of Gozag.
  4485 | D:6      | Found a runed translucent gate.
  4524 | D:6      | Found a glowing drain.
  4546 | Sewer    | Entered a sewer
  4662 | Sewer    | Found a white marble altar of Elyvilon.
  4799 | D:6      | Reached skill level 9 in Ranged Weapons
  4860 | D:6      | Noticed Grinder
  4873 | D:6      | Killed Grinder
  4986 | D:6      | Found a runed translucent door.
  4987 | D:6      | Noticed Crazy Yiuf
  5000 | D:6      | Killed Crazy Yiuf
  5048 | D:6      | Found a bloodstained altar of Trog.
  5121 | D:6      | Reached skill level 10 in Ranged Weapons
  5143 | D:6      | Found a runed translucent gate.
  5282 | D:6      | Noticed Pikel
  5298 | D:6      | Killed Pikel
  5299 | D:6      | Reached skill level 11 in Ranged Weapons
  5299 | D:6      | Reached XP level 10. HP: 60/71 MP: 10/10
  5344 | D:6      | Found a runed translucent gate.
  5346 | D:6      | Noticed Vorhees's ghost (novice FoFi)
  5434 | D:6      | Killed Vorhees's ghost
  5440 | D:6      | HP: 1/71 [unseen horror simulacrum (11)]
  5441 | D:6      | Slain by an unseen horror skeleton

Illustrated notes

Levels and vault maps discovered:
D:1:      sevenhm_arrival_forest_fort_small_5, layout_loops_ring,
          shapermc_ecumenical_altar_gd, serial_shops, shop_statue
D:2:      layout_loops_ring, basic_altar, uniq_jessica, uniq_robin
D:3:      wander_river, layout_rooms, mainiacjoe_overflow_six_doors_small,
          ebering_ghost_rock_garden, minmay_door_square, uniq_sigmund
D:4:      layout_loops_cross, mainiacjoe_overflow_alcove_2,
          nicolae_wu_jian_immortal_techniques, nicolae_tso_swordbearing_angel,
          mainiacjoe_overflow_paths, minitemple, uniq_natasha
D:5:      layout_loops_ring, chequers_temple_overflow_minitemple,
          temple_fountains, enter_ossuary_4, hangedman_feature_mirror
D:6:      layout_cave_pools, nicolae_overflow_crystal_walls,
          gammafunk_ghost_necromancy, portal_sewer_entry_f, uniq_grinder,
          uniq_crazy_yiuf_cottage, uniq_pikel

Skill      XL: |  1  2  3  4  5  6  7  8  9 |
---------------+----------------------------+-----
Long Blades    | 4 |  4.7
Ranged Weapons | 1 2 4 6 8 11 | 11.9
Fighting       | 4 |  4.1
Dodging        | 4 6 7 |  7.2

Action                     |  1- 3 |  4- 6 |  7- 9 | 10-12 || total
---------------------------+-------+-------+-------+-------++-------
  Melee: Falchion          |    59 |   142 |   463 |    15 ||   679
   Fire: Orcbow            |       |    35 |   160 |       ||   195
 Invoke: Berserk           |       |     2 |     3 |     1 ||     6
         Trog's Hand       |       |       |     1 |       ||     1
    Use: Scroll            |       |       |    17 |       ||    17
   Stab: Sleeping          |       |       |     2 |       ||     2
 Armour: Robe              |    17 |    44 |    14 |       ||    75
         Leather armour    |       |    36 |   256 |    34 ||   326
  Dodge: Dodged            |    33 |   149 |   418 |    29 ||   629

Table legend: (Time is in decaauts)
 A = Elapsed time spent in this place.
 B = Non-inter-level travel time spent in this place.
 C = Inter-level travel time spent in this place.
 D = Time resting spent in this place.
 E = Time spent auto-exploring this place.
 F = Levels seen in this place.
 G = Mean time per level.
                   A        B        C        D        E       F      G
               +--------+--------+--------+--------+--------+-----+--------+
         Total |   5594 |   5460 |    134 |    313 |   3247 |   8 |  699.2 |
       Dungeon |   5073 |   4939 |    134 |    292 |   3073 |   6 |  845.5 |
         Sewer |    180 |    180 |      0 |      0 |    120 |   1 |  180.0 |
       Ossuary |    340 |    340 |      0 |     21 |     53 |   1 |  340.0 |
               +--------+--------+--------+--------+--------+-----+--------+

Top non-repeatable levels by time:
     D:4: 958 daAuts
     D:5: 929 daAuts
     D:1: 848 daAuts
     D:2: 836 daAuts
     D:6: 816 daAuts
     D:3: 683 daAuts
 Ossuary: 340 daAuts
   Sewer: 180 daAuts
